 Dungeon Crawl Stone Soup version 0.20.1-1-g8b1a95d (webtiles) character file.

450 iopi the Cudgeler (level 6, 0/56 HPs)
             Began as a Minotaur Berserker on Oct 17, 2017.
             Was a Believer of Trog.
             Succumbed to an adder's poison
             ... on level 4 of the Dungeon.
             The game lasted 00:44:38 (2928 turns).

iopi the Cudgeler (Minotaur Berserker)              Turns: 2928, Time: 00:44:39

Health: 0/56       AC:  3    Str: 22    XL:     6   Next: 74%
Magic:  5/5        EV: 12    Int:  4    God:    Trog [**....]
Gold:   114        SH:  0    Dex:  9    Spells: 5/5 levels left

rFire    + . .     SeeInvis .   m - +0 hand axe
rCold    x . .     Gourm    .   (no shield)
rNeg     . . .     Faith    .   k - +0 leather armour
rPois    .         Spirit   .   (helmet restricted)
rElec    .         Reflect  .   (no cloak)
rCorr    .         Harm     .   (no gloves)
MR       .....                  (no boots)
Stlth    +.........             (no amulet)
Regen    0.2/turn               h - -2 ring of dexterity
MPRegen  0.1/turn               e - ring of fire

@: lethally poisoned (0 -> -6)
A: retaliatory headbutt, horns 2
a: Berserk, Trog's Hand, Burn Spellbooks, Renounce Religion


You were on level 4 of the Dungeon.
You worshipped Trog.
Trog was pleased with you.
You were not hungry.

You visited 1 branch of the dungeon, and saw 3 of its levels.

You collected 114 gold pieces.

Inventory:

Hand Weapons
 a - a +0 mace
 d - a +0 dagger
 i - a +0 scythe
 m - a +0 hand axe (weapon)
 t - a +0 trident
 v - a +0 flail
 x - a +0 flail
Armour
 b - a +0 animal skin
 g - a +0 leather armour
 j - a +0 ring mail
 k - a +0 leather armour (worn)
 o - a +0 ring mail
 q - a +0 chain mail
 u - a +0 ring mail
Jewellery
 e - a ring of fire (right hand)
 h - a -2 ring of dexterity (left hand)
 r - an uncursed ring of protection from fire {unknown}
Scrolls
 f - 4 scrolls of teleportation
 p - a scroll of amnesia
 s - a scroll of immolation
Potions
 l - a potion of flight
 A - a potion of lignification {unknown}
Comestibles
 c - 3 bread rations
 n - 3 royal jellies
 w - 2 meat rations


   Skills:
 + Level 5.1 Fighting
 * Level 3.4(5.0) Axes
 + Level 5.7(6.1) Maces & Flails
 + Level 3.7 Armour
 + Level 3.3 Dodging
 + Level 1.9 Stealth


You had 5 spell levels left.
You didn't know any spells.

Dungeon Overview and Level Annotations

Branches:
Dungeon (2/15)

Altars:
Okawaru


Innate Abilities, Weirdness & Mutations

You reflexively headbutt those who attack you in melee.
You have a pair of horns on your head.


Message History

* * * LOW HITPOINT WARNING * * *
You feel sick.
You see here 4 arrows.
You hit the adder but do no damage.
The adder is almost dead.
* * * LOW HITPOINT WARNING * * *
You feel sick. The adder bites you but does no damage.
The adder closely misses you.
You barely miss the adder. You headbutt the adder.
You kill the adder!
Trog accepts your kill.
* * * LOW HITPOINT WARNING * * *
You feel sick.
* * * LOW HITPOINT WARNING * * *
You feel sick.
You see here 15 gold pieces.
As you read the scroll labeled UTYJAQEOJE, it crumbles to dust.
You feel as if something is helping you.
It was a scroll of remove curse.
You die...

################# #
................. ##.
#################.
...#####.......#.......#.
.......#.#####.#.#####.#.
.....#.#@..###.#.# #.#.
...#?...(#..##.#.#####.#.
.......#†#..##.......#.#.
#....)!....(#.......#.#.
#..#.......##.......#.#.
.####
.........#.###.......#.#.
.#.. ......######.#
#........... .#.# ......
.# ##......#### ...#
...... # #......#


There were no monsters in sight!

Vanquished Creatures
  Sigmund (D:4)
  A centaur (D:4)
  A hound (D:4)
  2 orc wizards (D:4)
  3 worker ants (D:4)
  3 adders
  An ooze (D:2)
  A worm (D:2)
  A leopard gecko (D:2)
  3 orcs (D:4)
  5 giant cockroaches
  4 goblins
  4 hobgoblins
  2 bats
  4 frilled lizards
  6 kobolds
  3 rats (D:1)
45 creatures vanquished.

Notes
Turn   | Place    | Note
-------+----------+-------------------------------------------
     0 | D:1      | iopi the Minotaur Berserker began the quest for the Orb.
     0 | D:1      | Reached XP level 1. HP: 19/19 MP: 0/0
   369 | D:1      | Reached XP level 2. HP: 27/27 MP: 1/1
   535 | D:1      | You fall through a shaft!
   581 | D:2      | Found an iron altar of Okawaru.
   917 | D:2      | Reached XP level 3. HP: 32/33 MP: 2/2
  1468 | D:1      | Reached ** piety under Trog
  2044 | D:1      | You fall through a shaft!
  2211 | D:2      | You fall through a shaft for 2 floors!
  2222 | D:4      | Reached skill level 1 in Axes
  2222 | D:4      | Reached XP level 4. HP: 32/40 MP: 3/3
  2263 | D:4      | Reached skill level 5 in Maces & Flails
  2263 | D:4      | Reached skill level 1 in Stealth
  2358 | D:4      | Reached XP level 5. HP: 37/47 MP: 4/4
  2570 | D:4      | Noticed Sigmund
  2608 | D:4      | Killed Sigmund
  2608 | D:4      | Reached XP level 6. HP: 22/55 MP: 5/5
  2912 | D:4      | Reached skill level 5 in Fighting
  2926 | D:4      | HP: 2/56 [poisoned by an adder]
  2928 | D:4      | Succumbed to an adder's poison

Skill      XL: |  1  2  3  4  5  6 |
---------------+-------------------+-----
Fighting       | 4 5 |  5.1
Maces & Flails | 4 5 |  5.7
Armour         | 3 |  3.7
Axes           | 1 2 3 |  3.4
Stealth        | 1 |  1.9
Dodging        | 3 |  3.3

Action                   |  1- 3 |  4- 6 || total
-------------------------+-------+-------++-------
Melee: Mace              |    37 |       ||    37
       Headbutt          |     6 |    10 ||    16
       Hand axe          |    19 |    40 ||    59
Invok: Berserk           |       |     2 ||     2
  Use: Scroll            |     6 |     2 ||     8
       Potion            |     4 |     4 ||     8
  Eat: Meat ration       |     1 |       ||     1
       Bread ration      |       |     1 ||     1
Armor: Animal skin       |     8 |       ||     8
       Leather armour    |     4 |     5 ||     9
Dodge: Dodged            |    42 |    19 ||    61
